 Dungeon Crawl Stone Soup version 0.27-a0-836-gfc908b8576 (webtiles) character file.

Game seed: 5748041409646655386

298 jasper the Stinger (level 6, -2/26 HPs)
             Began as a Felid Venom Mage on Mar 31, 2021.
             Was an Initiate of Sif Muna.
             Shot with an arrow by a centaur (10 damage)
             ... on level 5 of the Dungeon.
             The game lasted 00:10:50 (5138 turns).

jasper the Stinger (Felid Venom Mage)               Turns: 5138, Time: 00:10:50

Health: -2/26      AC:  2    Str:  4    XL:     6   Next: 13%
Magic:  3/11       EV: 18    Int: 18    God:    Sif Muna [......]
Gold:   198        SH:  0    Dex: 17    Spells: 0/10 levels left
                                        Lives:  0   Deaths: 1

rFire    . . .     SeeInvis +   (weapon unavailable)
rCold    . . .     Faith    .   (shield unavailable)
rNeg     . . .     Spirit   .   (armour unavailable)
rPois    .         Reflect  .   (helmet unavailable)
rElec    .         Harm     .   (cloak unavailable)
rCorr    .         Rampage  .   (gloves unavailable)
Will     .....                  (boots unavailable)
Stlth    +++.......             (no amulet)
HPRegen  0.08/turn              (no ring)
MPRegen  0.12/turn              (no ring)

@: quick
A: very small, claws 1, fangs 3, see invisible, speed 1, shaggy fur 2, stealthy
paws, no weapons or thrown items, no armour, multi-lived
a: Renounce Religion


You were on level 5 of the Dungeon.
You worshipped Sif Muna.
Sif Muna was noncommittal.
You visited 2 branches of the dungeon, and saw 7 of its levels.

You collected 198 gold pieces.

Inventory:

Jewellery
 h - an amulet of the acrobat
Scrolls
 c - a scroll of enchant armour
 d - a scroll of noise
 e - 2 scrolls of teleportation
Potions
 g - a potion of magic
 i - a potion of brilliance


   Skills:
 + Level 1.7 Fighting
 + Level 3.9 Dodging
 - Level 2.6 Stealth
 + Level 2.7 Spellcasting
 + Level 0.0 Hexes
 - Level 3.0 Transmutations
 + Level 1.5 Fire Magic
 + Level 1.7 Air Magic
 * Level 4.5 Poison Magic


You couldn't memorise any spells.
You knew the following spells:

 Your Spells              Type           Power      Damage    Failure   Level
a - Sting                 Tmut/Pois      64%        1d6       3%          1
b - Mephitic Cloud        Conj/Pois/Air  10%        N/A       22%         3
c - Ignite Poison         Fire/Tmut/Pois 13%        N/A       14%         3
d - Confusing Touch       Hex            2%         N/A       45%         3

Your spell library contained the following spells:

 Spells                   Type           Power      Damage    Failure   Level
 Poisonous Vapours        Pois/Air       26%        N/A       7%          2
 Animate Skeleton         Necr           4%         N/A       17%         1
 Apportation              Tloc           4%         N/A       17%         1
 Corona                   Hex            2%         N/A       17%         1
 Summon Small Mammal      Summ           8%         N/A       17%         1
 Olgreb's Toxic Radiance  Pois           19%        N/A       26%         4
 Gell's Gravitas          Tloc           1%         N/A       45%         3
 Petrify                  Tmut/Erth      7%         N/A       65%         4
 Yara's Violent Unravell  Hex/Tmut       3%         3d4       94%         5
 Metabolic Englaciation   Hex/Ice        1%         N/A       99%         5


Dungeon Overview and Level Annotations

Branches:
Dungeon (6/15)             Temple (1/1) D:5

Altars:
Ashenzari
Cheibriados
Dithmenos
Elyvilon
Gozag
Hepliaklqana
Kikubaaqudgha
Makhleb
Nemelex Xobeh
Okawaru
Qazlal
Ru
Sif Muna
Uskayaw
Xom
Yredelemnul
Zin
The Shining One

Annotations:
D:5 Eustachio


Innate Abilities, Weirdness & Mutations

You have sharp claws.
You have razor-sharp teeth.
You have supernaturally acute eyesight. (SInv)
You cover ground quickly. (Speed+)
You are covered in thick fur. (AC +2)
Your stealthy paws help you sneak and pounce on unaware monsters.
You are incapable of wielding weapons or throwing items.
You cannot wear armour.
You gain extra lives every three experience levels.


Message History

Press: ? - help, Q - select action Shift-Dir - straight line, f/p - Eustachio
Aim: Eustachio, wielding a +0 rapier and wearing a +0 leather armour (heavily wounded, very poisoned, 36% to evade)
The sting misses Eustachio.
The sting misses the shadow imp.
The sting hits the shadow imp.
The shadow imp partially resists.
The shadow imp is poisoned.
The shadow imp is lightly wounded.
Eustachio closely misses you.
You now have 4/11 mp.
Aiming: Sting (safe; 3% risk of failure)
Press: ? - help, Q - select action Shift-Dir - straight line, f/p - Eustachio
Aim: Eustachio, wielding a +0 rapier and wearing a +0 leather armour (heavily wounded, very poisoned, 36% to evade)
The sting hits Eustachio but does no damage.
Eustachio looks as sick as possible!
Eustachio is heavily wounded.
Eustachio hits you with a +0 rapier!
You take 8 damage, and have 11/26 hp.
MASSIVE DAMAGE!!
You now have 3/11 mp.
Aiming: Sting (safe; 3% risk of failure)
Press: ? - help, Q - select action Shift-Dir - straight line, f/p - Eustachio
Aim: Eustachio, wielding a +0 rapier and wearing a +0 leather armour (heavily wounded, extremely poisoned, 36% to evade)
The sting misses Eustachio.
The sting misses the shadow imp.
The sting hits the shadow imp.
The shadow imp partially resists.
The shadow imp is severely wounded.
Eustachio utters an oath, "I will die for my friends!"
Eustachio casts a spell.
You now have 2/11 mp.
The shadow imp picks up a beetle and eats it.
The ufetubus hits you. The ufetubus completely misses you.
Things that are here:
25 arrows; a +0 shortbow You take 3 damage, and have 8/26 hp.
The shadow imp disappears in a puff of smoke!
You kill the shadow imp!
The ufetubus barely misses you. x2
Eustachio mumbles some strange words.
A centaur comes into view. It is wielding a +0 hand axe.
The centaur shouts!
The centaur unwields a +0 hand axe.
The centaur wields a +0 shortbow.
The centaur shoots an arrow.
The arrow hits you!
You die...

. ................#
................#
................#
...........c....# #
........<.......#
#####...............#
.$.###..|..#........#
#.## ###########....#
..# #@...# ### #....#
# #.5..# # #....# #
###5@# # ##.# #5#
#.#############
#..............


You could see Eustachio (very poisoned), a centaur, a shadow imp (summoned) and
2 ufetubi.

Vanquished Creatures
  A centaur (D:5)
  3 scorpions
  A bullfrog skeleton (D:4)
  4 gnolls (D:4)
  2 adders (D:4)
  A shadow imp (D:6)
  A white imp (D:6)
  2 worms (D:3)
  2 dart slugs (D:1)
  An orc (D:3)
  An endoplasm (D:3)
  7 giant cockroaches
  7 hobgoblins
  6 jackals
  2 quokkas
  3 ball pythons
  4 bats
  A frilled lizard (D:3)
  10 goblins
  5 kobolds
  5 rats (D:2)
69 creatures vanquished.

Vanquished Creatures (others)
  2 plants (D:2)
2 creatures vanquished.

Grand Total: 71 creatures vanquished

Notes
Turn   | Place    | Note
-------+----------+-------------------------------------------
     0 | D:1      | jasper the Felid Venom Mage began the quest for the Orb.
     0 | D:1      | Reached XP level 1. HP: 7/7 MP: 4/4
     3 | D:1      | Noticed an electric eel
   295 | D:2      | Reached skill level 3 in Poison Magic
   296 | D:2      | Reached XP level 2. HP: 10/11 MP: 0/6
   905 | D:1      | Reached XP level 3. HP: 14/14 MP: 5/7
   909 | D:1      | Learned a level 3 spell: Mephitic Cloud
  2041 | D:2      | Found a hide-covered altar of Uskayaw.
  2041 | D:2      | Found a broken altar of Ashenzari.
  3046 | D:3      | Reached XP level 4. HP: 18/18 MP: 5/8
  3098 | D:3      | Learned a level 3 spell: Ignite Poison
  3400 | D:4      | Identified the +1 leather armour "Uxkog" {Str+3}
  3492 | D:4      | You fall into a shaft and drop 2 floors!
  3507 | D:6      | Noticed a scorpion
  3510 | D:6      | Noticed a scorpion
  3522 | D:6      | Killed a scorpion
  3523 | D:6      | Reached skill level 1 in Air Magic
  3523 | D:6      | Reached skill level 4 in Poison Magic
  3523 | D:6      | Reached XP level 5. HP: 21/21 MP: 6/9
  3564 | D:6      | Found a shadowy altar of Dithmenos.
  3574 | D:6      | Reached skill level 1 in Fighting
  3843 | D:6      | Reached skill level 1 in Fire Magic
  4151 | D:5      | Entered Level 5 of the Dungeon
  4158 | D:5      | Found a hazy altar of Hepliaklqana.
  4163 | D:5      | Noticed Eustachio
  4251 | D:4      | Mangled by a gnoll
  4252 | D:4      | Reached XP level 4. HP: -6/19 MP: 1/8
  4262 | D:4      | Reached XP level 5. HP: 22/22 MP: 9/9
  4269 | D:4      | Found a sparkling altar of Nemelex Xobeh.
  4484 | D:4      | Noticed a necrophage
  4548 | D:5      | Noticed a centaur
  4562 | D:5      | Killed a centaur
  4563 | D:5      | Gained mutation: You are covered in thick fur. (AC +2)
                  | [Felid growth]
  4563 | D:5      | Reached XP level 6. HP: 3/26 MP: 1/11
  4567 | D:5      | Learned a level 3 spell: Confusing Touch
  4675 | D:5      | Found a staircase to the Ecumenical Temple.
  4686 | Temple   | Entered the Ecumenical Temple
  5082 | Temple   | Became a worshipper of Sif Muna the Loreminder
  5138 | D:5      | Shot with an arrow by a centaur

Illustrated notes

Levels and vault maps discovered:
D:1:      arrival_aquarium_a, layout_basic
D:2:      layout_basic, gammafunk_temple_overflow_elements, serial_forest,
          infiniplex_forest_lined_room_, infiniplex_forest_clump_tiny,
          infiniplex_forest_end_1, infiniplex_forest_clump_tiny,
          infiniplex_forest_lined_corner, infiniplex_forest_lined_3,
          infiniplex_forest_lined_room_, infiniplex_forest_clump_diagonal,
          infiniplex_forest_end_1, infiniplex_forest_lined_2
D:3:      layout_rooms
D:4:      layout_loops_corners, nemelex_xobeh_ov_fountains_minmay,
          enter_ossuary_5, amcnicky_mini_pool_small
D:5:      layout_rooms, nicolae_overflow_crystal_walls, temple_hall,
          uniq_eustachio, uniq_sigmund
D:6:      layout_rooms, grunt_dithmenos_shadows, nrook_mini_backslash,
          minmay_misc_feat_x, roderic_lattice_a
Temple:   nicolae_temple_figure_eight

Skill      XL: |  1  2  3  4  5 |
---------------+----------------+-----
Poison Magic   | 3 4 |  4.5
Transmutations | 2 3 |  3.0
Dodging        | 3 |  3.9
Air Magic      | 1 |  1.7
Fighting       | 1 |  1.7
Fire Magic     | 1 |  1.5
Stealth        | |  2.6
Spellcasting   | |  2.7

Action                   |  1- 3 |  4- 6 || total
-------------------------+-------+-------++-------
Melee: Unarmed           |    13 |    11 ||    24
       Bite              |     1 |     2 ||     3
 Cast: Sting             |    94 |    66 ||   160
  Use: Scroll            |     2 |     6 ||     8
       Potion            |       |     2 ||     2
 Stab: Sleeping          |       |     1 ||     1
Armor: Skin              |     3 |     4 ||     7
Dodge: Dodged            |    23 |    51 ||    74

Table legend: (Time is in decaauts)
 A = Elapsed time spent in this place.
 B = Non-inter-level travel time spent in this place.
 C = Inter-level travel time spent in this place.
 D = Time resting spent in this place.
 E = Time spent auto-exploring this place.
 F = Levels seen in this place.
 G = Mean time per level.
                   A        B        C        D        E       F      G
               +--------+--------+--------+--------+--------+-----+--------+
         Total |   4632 |   4510 |    122 |    458 |   3391 |   7 |  661.7 |
       Dungeon |   4262 |   4174 |     88 |    458 |   3059 |   6 |  710.3 |
        Temple |    369 |    335 |     34 |      0 |    332 |   1 |  369.0 |
               +--------+--------+--------+--------+--------+-----+--------+

Top non-repeatable levels by time:
     D:1: 1123 daAuts
     D:2: 858 daAuts
     D:3: 856 daAuts
     D:6: 635 daAuts
     D:4: 609 daAuts
  Temple: 369 daAuts
     D:5: 179 daAuts
